[Event "Late-Titled-Tuesday-Blitz-May-28-2024"]
[Site "Chess.com"]
[Date "2024.05.28"]
[Round "1"]
[White "Charodej1"]
[Black "cassoulet"]
[Result "1-0"]
[WhiteElo "2443"]
[BlackElo "2734"]
[TimeControl "180+1"]
[EndTime "14:07:44 PDT"]
[Termination "Charodej1 won by checkmate"]

1. Nf3 Nf6 2. g3 g6 3. Bg2 Bg7 4. O-O O-O 5. d4 d5 6. c4 dxc4 7. Ne5 Nfd7 8. Nxc4 Nb6 9. Ne5 N8d7 10. Nf3 c5 11.
Nc3 cxd4 12. Nxd4 Nc5 13. Ndb5 a6 14. Be3 Ncd7 15. Na3 e6 16. Qb3 Nd5 17. Nxd5 exd5 18. Bxd5 Nf6 19. Bg2 Be6 20. Qxb7 Bd5 21. Qb4 Bxg2 22.
Kxg2 Nd5 23. Qd2 Nxe3+ 24. Qxe3 Re8 25. Qf3 Bxb2 26. Rad1 Qe7 27. Nc4 Qxe2 28. Qxe2 Rxe2 29. Kf3 Rc2 30. Ne3 Rc6 31. Rd7 Re8 32. Rb1 Be5 33. Rbb7 Rf6+ 34. Kg2 h5 35. Nd5 Rd6 36. Rxd6 Bxd6 37. Nf6+ Kf8 38. Nxe8 Kxe8 39. a4 a5 40. Kf3 Bc5 41. Rb5 Bb4 42. Ke2 Kd7 43. f3 Kc6 44.
Kd3 Be1 45. Ke2 Bb4 46. g4 h4 47. h3 Kd6 48. Kd3 Ke6 49. Rxb4 axb4 50. Kc4 f5 51. Kxb4 Ke5 52. a5 Kf4 53. a6 Kxf3 54. gxf5 gxf5 55. a7 Kg3 56. a8=Q Kxh3 57. Qh1+ Kg4 58. Kc3 f4 59. Kd3 h3 60. Ke2 Kg3 61. Qg1+ Kh4 62. Kf2 h2 63.
Qxh2+ Kg4 64. Qg2+ Kh4 65. Qf3 Kg5 66. Ke2 Kh4 67.
Kd3 Kg5 68. Ke4 Kh4 69. Qxf4+ Kh3 70. Qg5 Kh2 71. Kf3 Kh3 72. Qh5# 1-0

[Event "Late-Titled-Tuesday-Blitz-May-28-2024"]
[Site "Chess.com"]
[Date "2024.05.28"]
[Round "1"]
[White "MKlose11"]
[Black "norwaytoadog"]
[Result "1-0"]
[WhiteElo "2604"]
[BlackElo "2299"]
[TimeControl "180+1"]
[EndTime "14:07:44 PDT"]
[Termination "MKlose11 won on time"]

1. e4 c5 2. Nc3 Nc6 3. g3 g6 4. Bg2 Bg7 5. d3 d6 6. Be3 Rb8 7. Qd2 b5 8. Nge2 b4 9. Nd1 Nd4 10. O-O e6 11. Nc1 Ne7 12. f4 f5 13.
c3 bxc3 14. bxc3 Ndc6 15. exf5 exf5 16. Ne2 O-O 17. d4 Ba6 18. dxc5 dxc5 19. Qxd8 Rfxd8 20. Re1 Nd5 21. Bxc5 Bxe2 22. Rxe2 Nxc3 23. Nxc3 Bxc3 24. Rc1 Bd4+ 25. Bxd4 Nxd4 26. Rf2 Rbc8 27. Rxc8 Rxc8 28. Bd5+ Kg7 29. Rd2 Nc2 30. Bb3 Ne3 31. Rd7+ Kh6 32. Rxa7 Rc1+ 33. Kf2 Ng4+ 34. Kg2 Rb1 35.
h3 Rb2+ 36. Kg1 Nf6 37. Be6 Nh5 38. a4 Nxg3 39. Bg8 g5 40. fxg5+ Kxg5 41. a5 f4 42. Bd5 Rb1+ 43. Kf2 Rb2+ 44. Ke1 Re2+ 45. Kd1 Rh2 46.
a6 Ne2 47. Rg7+ Kf5 48. a7 Nc3+ 49. Ke1 Rh1+ 50. Kf2 Ra1 51. a8=Q Rxa8 52. Bxa8 1-0

[Event "Late-Titled-Tuesday-Blitz-May-28-2024"]
[Site "Chess.com"]
[Date "2024.05.28"]
[Round "1"]
[White "toninhojit"]
[Black "LiemLe"]
[Result "0-1"]
[WhiteElo "2526"]
[BlackElo "3041"]
[TimeControl "180+1"]
[EndTime "14:07:45 PDT"]
[Termination "LiemLe won by checkmate"]

1. d4 Nf6 2. c4 g6 3. Nc3 Bg7 4. e4 d6 5. Be2 O-O 6. Bg5 c5 7. d5 h6 8. Be3 e6 9. Qd2 exd5 10. exd5 Kh7 11. h3 Bf5 12. Nf3 Ne4 13. Nxe4 Bxe4 14. O-O Bxf3 15. Bxf3 Nd7 16. Rac1 Qh4 17. Be2 Rae8 18.
Kh2 Nf6 19. g3 Ne4 20. Qd3 Qf6 21. Rc2 h5 22. Kg2 h4 23. g4 Bh6 24. Bf3 Bxe3 25.
Bxe4 Bd4 26. Qf3 Qg5 27. Kh1 Re7 28. Re2 Rfe8 29. Rfe1 Kg7 30. Kg2 a6 31. Bd3 Bxb2 32. Rxe7 Rxe7 33. Rxe7 Qxe7 34. Qe4 Qf6 35. Be2 Be5 36.
Qf3 Qg5 37. Qe3 Qf6 38. Qe4 Bf4 39. Bf3 Bg5 40. a4 Qb2 41. Qe2 Qb3 42. Be4 Qxa4 43. Bd3 Qa1 44. Qe4 Qc3 45. f4 Bf6 46. g5 Bd4 47. f5 Qd2+ 48. Kh1 Qc1+ 49. Kg2 Qg1+ 50. Kf3 Qf2+ 51. Kg4 Qg3# 0-1

[Event "Late-Titled-Tuesday-Blitz-May-28-2024"]
[Site "Chess.com"]
[Date "2024.05.28"]
[Round "1"]
[White "Lion_DL"]
[Black "penguingm1"]
[Result "0-1"]
[WhiteElo "2514"]
[BlackElo "2955"]
[TimeControl "180+1"]
[EndTime "14:07:45 PDT"]
[Termination "penguingm1 won by resignation"]

1. d4 d5 2. c4 e6 3. Nc3 Be7 4. cxd5 exd5 5. Nf3 c6 6. Qc2 Nf6 7. Bg5 g6 8. e3 Bf5 9. Bd3 Bxd3 10. Qxd3 Nbd7 11. O-O O-O 12. Rab1 a5 13. a3 Re8 14. b4 b5 15. Ne5 Nxe5 16. dxe5 Nd7 17. Bf4 Bf8 18.
Qd4 Nb6 19. e4 axb4 20. axb4 dxe4 21. Qxe4 Qc8 22. Qf3 Nc4 23. Ne4 Bg7 24. Nd6 Nxd6 25. exd6 Qd7 26. Rbc1 Rac8 27. Rfe1 Rxe1+ 28. Rxe1 Bf8 29. h4 Rd8 30. Rd1 Qf5 31. Qe3 f6 32. Bg3 Kf7 33. Qb6 Qd7 34. Ra1 Qe8 35. Ra7+ Ke6 36. Qe3+ Kf5 37.
Qf4+ Ke6 38. Ra1 Kf7 39. Ra7+ Rd7 40. Rxd7+ Qxd7 41. Qd4 Ke6 42. Qe4+ Kf7 43. Qd4 h5 44. Kh2 Bg7 45. Qc5 f5 46. Bf4 Bf6 47. Bg5 Bxg5 48. hxg5 Ke6 49. Qe3+ Kxd6 50. Qd4+ Kc7 51. Qe5+ Qd6 52. f4 Qxe5 53. fxe5 Kd7 54. Kg3 Ke6 55.
Kf4 h4 0-1

[Event "Late-Titled-Tuesday-Blitz-May-28-2024"]
[Site "Chess.com"]
[Date "2024.05.28"]
[Round "1"]
[White "AlexeiShirov"]
[Black "guillembaches"]
[Result "1-0"]
[WhiteElo "2898"]
[BlackElo "2491"]
[TimeControl "180+1"]
[EndTime "14:07:45 PDT"]
[Termination "AlexeiShirov won on time"]

1. e4 d5 2. exd5 Qxd5 3. Nc3 Qa5 4. d4 Nf6 5. Bd2 Bg4 6. f3 Bd7 7. Bc4 Qb6 8. Nge2 e6 9. a4 a5 10. b3 Be7 11. Be3 O-O 12. Qd2 c5 13. d5 exd5 14. Nxd5 Nxd5 15. Bxd5 Nc6 16. O-O Rad8 17. Nf4 Nb4 18. Qf2 Bf5 19. c4 Nd3 20. Nxd3 Bxd3 21. Rfe1 Qxb3 22. Bxc5 Bxc5 23. Qxc5 Rc8 24. Bxf7+ Kh8 25.
Qe7 Bxc4 26. Bxc4 Qxc4 27. Qxb7 h6 28. Qe4 Qxe4 29. Rxe4 Rc2 30. Rd1 Rb8 31. h4 Rb4 32. Rdd4 Rbb2 33. Rg4 Rc7 34. Rd5 Ra7 35. h5 Ra2 36.
Kh2 Kh7 37. Re4 Ra3 38. Kh3 Ra1 39. Rf4 Rb1 40. g4 Rb4 41. Rdd4 Rb2 42. Kg3 Rc7 43. Rf5 Rcc2 44. Rxa5 Rg2+ 45. Kf4 Rb7 46. Rd8 Rf7+ 47. Rf5 Rxf5+ 48. Kxf5 Ra2 49. Rd4 1-0

[Event "Late-Titled-Tuesday-Blitz-May-28-2024"]
[Site "Chess.com"]
[Date "2024.05.28"]
[Round "1"]
[White "Bykov_Egor"]
[Black "Nick12772"]
[Result "1-0"]
[WhiteElo "2657"]
[BlackElo "2365"]
[TimeControl "180+1"]
[EndTime "14:07:48 PDT"]
[Termination "Bykov_Egor won on time"]

1. Nf3 Nf6 2. d4 g6 3. Bg5 Bg7 4. Nbd2 d5 5. c3 O-O 6. e3 Bf5 7.
Qb3 b6 8. a4 a5 9. Be2 h6 10.
Bh4 Nbd7 11. O-O g5 12. Bg3 e6 13. Ne5 Nxe5 14. Bxe5 Ne4 15. Nxe4 Bxe5 16. dxe5 Bxe4 17. f3 Bg6 18. f4 Be4 19. Bf3 Bxf3 20. Rxf3 f5 21.
exf6 Rxf6 22. Raf1 Qe7 23. fxg5 Rxf3 24. Rxf3 hxg5 25.
Qc2 Qh7 26. Qxh7+ Kxh7 27. Rf7+ Kg6 28. Rxc7 Kf5 29. Rc6 Rb8 30. c4 dxc4 31. Rxc4 e5 32. Kf2 b5 33. g4+ Ke6 34. Rc6+ Kd5 35. Ra6 bxa4 36. Rxa5+ Ke6 37. Ra6+ Kd5 38. Ra5+ Ke6 39. Rxa4 Rxb2+ 40. Kf3 Rxh2 41. Ke4 Rg2 42. Ra6+ Kf7 43. Kf5 Rg3 44. Ra7+ Kf8 45. e4 Kg8 46. Kxg5 Rf3 47. Re7 Kf8 48. Rxe5 1-0

[Event "Late-Titled-Tuesday-Blitz-May-28-2024"]
[Site "Chess.com"]
[Date "2024.05.28"]
[Round "1"]
[White "laskakid"]
[Black "AldokhinIvan"]
[Result "0-1"]
[WhiteElo "2350"]
[BlackElo "2629"]
[TimeControl "180+1"]
[EndTime "14:07:48 PDT"]
[Termination "AldokhinIvan won on time"]

1. e4 c5 2. Nf3 e6 3. d3 Nc6 4. g3 g6 5. Bg2 Bg7 6. O-O Nge7 7.
Re1 O-O 8. c3 b6 9. d4 cxd4 10.
cxd4 d5 11. e5 a5 12. Nc3 Ba6 13. a3 b5 14. h4 h6 15. Bf4 Nc8 16. Rc1 Nb6 17. Nb1 b4 18. a4 Rc8 19. Nbd2 Nc4 20. Nxc4 dxc4 21. Bf1 Ne7 22. Qd2 Bb7 23. Nh2 Qd5 24.
f3 Nf5 25. Ng4 Qxf3 26. Bg2 Qxg2+ 27. Qxg2 Bxg2 28. Kxg2 h5 29. Nf6+ Bxf6 30. exf6 Rfd8 31. Be5 Nxd4 32. Re4 Nf5 33. Kf3 Rd3+ 34. Kf4 Rxg3 35. Re2 Rg4+ 36. Kf3 Nxh4+ 37. Ke3 Nf5+ 38. Kf3 Kh7 39.
Rd2 g5 40. Rd7 Kg6 41. Rcd1 Nh4+ 42. Kf2 Rg2+ 43. Ke3 Nf5+ 44. Kf3 Rc2 45. Ra7 g4+ 0-1

[Event "Late-Titled-Tuesday-Blitz-May-28-2024"]
[Site "Chess.com"]
[Date "2024.05.28"]
[Round "1"]
[White "jup1978"]
[Black "Byniolus"]
[Result "0-1"]
[WhiteElo "2421"]
[BlackElo "2728"]
[TimeControl "180+1"]
[EndTime "14:07:51 PDT"]
[Termination "Byniolus won by resignation"]

1. e4 d6 2. d4 Nf6 3. f3 Nbd7 4.
Be3 e5 5. Ne2 Be7 6. Nbc3 O-O 7.
Qd2 c6 8. O-O-O b5 9. dxe5 dxe5 10. Ng3 g6 11. h4 h5 12. Kb1 Qc7 13. Bg5 Nc5 14. Bd3 Rd8 15. Qe3 Ne6 16. Bh6 Qb6 17. Nce2 Qxe3 18. Bxe3 Nc5 19. Nc1 Be6 20. c3 Nxd3 21.
Nxd3 Nd7 22. Ne2 f6 23. Nec1 Kf7 24. Nb3 Bxb3 25. axb3 Nf8 26. Kc2 a5 27. Nc5 Bxc5 28. Bxc5 Ne6 29. Be3 f5 30. Rxd8 Rxd8 31. Bb6 Ra8 32.
Ra1 a4 33. bxa4 bxa4 34. Be3 Kf6 35. Rd1 Ke7 36. Bg5+ Nxg5 37. hxg5 fxe4 38. fxe4 Rf8 39. Rd2 Rf4 40. Re2 Rg4 41. Kb1 Kd6 42. Ka2 Kc5 43.
Ka3 Kb5 44. Rf2 Rxg5 45. Rf8 Rxg2 46. Rb8+ Kc5 47. Kxa4 h4 48. Kb3 h3 49. Rh8 h2 50.
Ka3 g5 51. Rh5 g4 52. Rxe5+ Kb6 53. Rh5 g3 54. b4 Rg1 0-1

[Event "Late-Titled-Tuesday-Blitz-May-28-2024"]
[Site "Chess.com"]
[Date "2024.05.28"]
[Round "1"]
[White "ClauAmura"]
[Black "crazy_but_lazy"]
[Result "1-0"]
[WhiteElo "2426"]
[BlackElo "2686"]
[TimeControl "180+1"]
[EndTime "14:07:51 PDT"]
[Termination "ClauAmura won by checkmate"]

1. d4 Nf6 2. Bg5 e6 3. e4 h6 4. Bxf6 Qxf6 5. Nc3 d6 6. Qd2 g6 7. f4 Bg7 8. Nf3 b6 9. g4 Bb7 10. g5 hxg5 11. Nxg5 a6 12. O-O-O Nd7 13. Bg2 Qe7 14. e5 Bxg2 15. Qxg2 d5 16. h4 O-O-O 17. Nxd5 exd5 18. Qxd5 Rhf8 19. Qc4 Nb8 20. h5 Bh6 21. Rdg1 Bxg5 22.
Rxg5 gxh5 23. Rgxh5 Qe6 24. Qa4 Qd5 25. c3 Rg8 26. R5h2 Rg2 27. Rxg2 Qxg2 28. Qd1 Qf2 29. Rf1 Qe3+ 30. Kb1 Rg8 31. Qc2 Nc6 32. Qf5+ Kb7 33.
Qc2 Na5 34. b3 Nc6 35. f5 a5 36. f6 Rg3 37. Rc1 Nd8 38. Kb2 Qf3 39. Ka3 Ne6 40. Rd1 Qd5 41. Rd2 b5 42. c4 b4+ 43. Kb2 Qe4 44.
Qxe4+ Kb6 45. Qd5 Nf4 46. Qb5+ Ka7 47. Qxa5+ Kb7 48. Qxb4+ Kc8 49. Qf8+ Kb7 50. c5 Ne6 51. c6+ Kb6 52. Qb4+ Kxc6 53. Rc2+ Kd7 54. Qb5+ Kc8 55. Qc6 Nxd4 56. Qxc7# 1-0

[Event "Late-Titled-Tuesday-Blitz-May-28-2024"]
[Site "Chess.com"]
[Date "2024.05.28"]
[Round "1"]
[White "MeisterJabo"]
[Black "MyDream003"]
[Result "1-0"]
[WhiteElo "2474"]
[BlackElo "2815"]
[TimeControl "180+1"]
[EndTime "14:07:52 PDT"]
[Termination "MeisterJabo won on time"]

1. e4 c6 2. d4 d6 3. Nc3 g6 4. Nf3 Bg7 5. Be2 Nf6 6. O-O Rg8 7.
a4 a5 8. h3 h6 9. Be3 g5 10.
e5 dxe5 11. Nxe5 Be6 12. Bf3 Nbd7 13. Nd3 Bh8 14. Re1 Qc7 15. Ne4 Nxe4 16. Bxe4 Nf6 17. Bf3 Bf5 18. Ne5 Nd5 19. c4 Nb4 20. Bg4 Bxg4 21.
Qxg4 Bxe5 22. dxe5 Qd7 23. e6 Qxe6 24. Qxe6 fxe6 25.
Rad1 Rg6 26. Bc5 Rf6 27. Re3 Na6 28. Bb6 Nb4 29. Bc5 Ra6 30. b3 Na2 31. Bd4 Rg6 32.
Rde1 Kd7 33. R3e2 Nb4 34. Rd1 Kc8 35. Bc5 Kc7 36. Bxe7 Ra8 37. Bd6+ Kb6 38. Bxb4 axb4 39. Rd6 Re8 40. Re5 Re7 41. c5+ Ka5 42. g4 Rf6 43.
Kg2 Rg6 44. f3 Rf6 45. Kg3 Ka6 46. Re3 Ka5 47. h4 Rg6 48. hxg5 hxg5 49. Re5 Ka6 50. Rd4 Ka5 51. Rd8 1-0

[Event "Late-Titled-Tuesday-Blitz-May-28-2024"]
[Site "Chess.com"]
[Date "2024.05.28"]
[Round "1"]
[White "giomar27"]
[Black "aa175"]
[Result "0-1"]
[WhiteElo "2457"]
[BlackElo "2814"]
[TimeControl "180+1"]
[EndTime "14:07:52 PDT"]
[Termination "aa175 won by resignation"]

1. d4 d5 2. Nc3 Nf6 3. Bf4 a6 4. e3 h6 5. h4 b5 6. Nf3 Bg4 7. Be2 e6 8. Ne5 Bxe2 9. Nxe2 c5 10. c3 Nbd7 11. f3 Rc8 12. g4 Nxe5 13. Bxe5 Bd6 14.
Qd3 Bxe5 15. dxe5 Nd7 16. f4 c4 17. Qd2 Nc5 18. Ng3 Nd3+ 19. Kf1 O-O 20. Kg2 f6 21.
exf6 Qxf6 22. g5 Qf7 23. gxh6 gxh6 24. Rag1 Kh7 25. Kh3 Rg8 26. Qe2 Rg6 27. Rg2 Rcg8 28. Rhg1 Qg7 29. Nh5 Rxg2 30. Rxg2 Qxg2+ 31. Qxg2 Rxg2 32. Kxg2 Nxb2 33. Nf6+ Kg6 34. Nd7 Kf5 35. Kf3 a5 36.
Nc5 b4 37. e4+ dxe4+ 38. Nxe4 b3 39. axb3 cxb3 40. Nd2 a4 41. c4 Nd3 42. Ke3 Nxf4 43. c5 Nd5+ 44. Kd4 Kg4 45. Ke5 b2 46. Kxe6 Nb4 47. Nb1 Kxh4 48. Ke5 Kg3 49. Kd4 h5 50.
Kc4 Nc6 51. Kd5 Na5 52. Nd2 h4 53. Nc4 Nxc4 54. c6 b1=Q 55. c7 Nb6+ 56. Kc6 Nc8 57. Kd7 Qa1 58. Kxc8 Qb1 59. Kd8 Qc1 60. c8=Q Qxc8+ 61.
Kxc8 h3 0-1

[Event "Late-Titled-Tuesday-Blitz-May-28-2024"]
[Site "Chess.com"]
[Date "2024.05.28"]
[Round "1"]
[White "PlotnikovPavel"]
[Black "WildBizon"]
[Result "1-0"]
[WhiteElo "2464"]
[BlackElo "2733"]
[TimeControl "180+1"]
[EndTime "14:07:52 PDT"]
[Termination "PlotnikovPavel won by checkmate"]

1. e4 d5 2. exd5 Qxd5 3. Nf3 Bg4 4. Be2 Nc6 5. O-O O-O-O 6. h3 Bh5 7. d3 Nf6 8. Be3 e5 9. Nbd2 h6 10. a3 g5 11. b4 g4 12. Nh2 gxh3 13. Bf3 Bxf3 14.
Qxf3 hxg2 15. Kxg2 Rg8+ 16. Kh1 Qxf3+ 17. Nhxf3 Ng4 18. Nh4 Nd4 19. Bxd4 Rxd4 20. Ne4 a5 21. Nf5 Rd8 22. f3 axb4 23. axb4 Bxb4 24. fxg4 Rg6 25. Ne3 Ra6 26. Rab1 Bf8 27. Rxf7 Ra2 28. Rbf1 Bb4 29.
Rh7 Ba5 30. Rxh6 Bb6 31. Rxb6 cxb6 32. g5 Rg8 33. Kg2 b5 34. Kg3 b4 35. Kg4 Kc7 36.
Nd5+ Kb8 37. Nxb4 Rb2 38. c3 Rg2+ 39. Kf5 Rf8+ 40. Nf6 Rg3 41. Kxe5 Rxg5+ 42. Ke6 Kc8 43. Nbd5 Rg6 44. Ne7+ Kc7 45. Nxg6 Ra8 46. Nd5+ Kb8 47.
Rf8+ Ka7 48. Rxa8+ Kxa8 49. Kd6 Ka7 50. Kc7 Ka6 51.
Ne5 b5 52. Kc6 Ka5 53. Kc5 Ka4 54. Nc6 Kb3 55. Nd4+ Ka4 56. Nxb5 Kb3 57. Nb4 Kb2 58. d4 Kb3 59. d5 Kb2 60. d6 Kb3 61. d7 Kb2 62.
d8=Q Kb3 63. Qd5+ Kb2 64. Qa2+ Kc1 65. Qc2# 1-0

[Event "Late-Titled-Tuesday-Blitz-May-28-2024"]
[Site "Chess.com"]
[Date "2024.05.28"]
[Round "1"]
[White "Redzishchess"]
[Black "GMTalks_Youtube"]
[Result "0-1"]
[WhiteElo "2447"]
[BlackElo "2781"]
[TimeControl "180+1"]
[EndTime "14:07:53 PDT"]
[Termination "GMTalks_Youtube won by resignation"]

1. d4 Nf6 2. c4 e6 3. g3 Bb4+ 4. Nd2 d5 5. Bg2 O-O 6. Qc2 b6 7. Nf3 Bb7 8. O-O Nbd7 9. Rd1 c5 10. a3 Bxd2 11. Bxd2 dxc4 12. dxc5 Nxc5 13. Bg5 Qe7 14. Qxc4 Rac8 15. Qh4 Nce4 16. Ne5 Nxg5 17. Bxb7 Qxb7 18. Qxg5 Rc5 19. Qe3 Rfc8 20. Rac1 Nd5 21. Qd2 h6 22. b4 R5c7 23. b5 Nc3 24. Rxc3 Rxc3 25. Nc6 R3xc6 26.
bxc6 Qxc6 27. h4 h5 28. Qg5 g6 29. Qe7 Qc5 30. Qxa7 Kg7 31. Qd7 Rc7 32. Qd3 Ra7 33. a4 Rxa4 34. Qd7 Ra2 35. e3 Qf5 36. Qd4+ Qf6 37. Qxf6+ Kxf6 38. Rd7 Rb2 39. Rb7 b5 40.
Kg2 b4 41. Kf3 b3 42. Kg2 Rb1 43. Kf3 b2 44. Kg2 e5 45. Rb6+ Ke7 46. Rb7+ Ke6 47.
Rb6+ Kd5 48. Rb7 Kc5 49. Rxf7 Ra1 50. Rb7 b1=Q 0-1

[Event "Late-Titled-Tuesday-Blitz-May-28-2024"]
[Site "Chess.com"]
[Date "2024.05.28"]
[Round "1"]
[White "Rakitic2010"]
[Black "Magicmaster17"]
[Result "0-1"]
[WhiteElo "2485"]
[BlackElo "2887"]
[TimeControl "180+1"]
[EndTime "14:07:54 PDT"]
[Termination "Magicmaster17 won by resignation"]

1. e4 e5 2. Nf3 Nc6 3. Bb5 a6 4. Ba4 f5 5. d3 fxe4 6. dxe4 Nf6 7. O-O d6 8. Nc3 b5 9. Bb3 Na5 10. Nd5 Nxb3 11. axb3 Be7 12. h3 c6 13. Nxe7 Qxe7 14.
Bg5 O-O 15. Qd3 h6 16. Bxf6 Rxf6 17. Rad1 Bd7 18. c4 Raf8 19. Nh2 Rg6 20. Kh1 Qg5 21. Qg3 Qxg3 22. fxg3 Rxg3 23. Rxd6 Be8 24. Rxf8+ Kxf8 25. Nf3 Rg6 26. c5 Rxd6 27. cxd6 Kf7 28. Nxe5+ Ke6 29.
Nd3 Kxd6 30. b4 Bg6 31. Nc5 Ke5 32. Kg1 Bxe4 33. Kf2 Kd4 34. Nxa6 Bd5 35. g3 g5 36. h4 gxh4 37. gxh4 Kc4 38. Ke3 Be6 39. b3+ Kc3 40. Ke4 Bc8 41. Nc5 Kxb4 42. Kd4 Bg4 43. Nd3+ Kxb3 44. Kc5 Bd7 45. Ne5 Be8 46. Ng4 h5 47.
Nf6 Bg6 48. Kxc6 Kc4 49. Nd5 Be4 50. Kd6 Bxd5 51. Ke5 Bf3 52. Kf4 Bg4 53. Ke3 b4 54. Kd2 Kb3 55. Kc1 Ka2 56. Kd2 b3 57. Ke3 b2 58.
Kf4 b1=Q 59. Kg5 Qf5+ 60. Kh6 Qf6+ 61. Kh7 Kb3 62. Kg8 Kc4 0-1

[Event "Late-Titled-Tuesday-Blitz-May-28-2024"]
[Site "Chess.com"]
[Date "2024.05.28"]
[Round "1"]
[White "attack2mateU"]
[Black "Qvalda"]
[Result "1/2-1/2"]
[WhiteElo "2695"]
[BlackElo "2415"]
[TimeControl "180+1"]
[EndTime "14:07:54 PDT"]
[Termination "Game drawn - insufficient material"]

1. e4 d5 2. exd5 Qxd5 3. Nc3 Qd8 4. d4 Nf6 5. Nf3 g6 6. Bc4 Bg7 7. O-O O-O 8. h3 Nc6 9. a3 a6 10. d5 Na5 11. Ba2 c6 12. Re1 cxd5 13. Nxd5 Nxd5 14. Qxd5 Qxd5 15. Bxd5 e6 16. Be4 f5 17. Bd3 Nc6 18.
Bc4 Kh8 19. Bxe6 Re8 20. Bxc8 Rxe1+ 21. Nxe1 Rxc8 22. c3 Na5 23. Kf1 Nb3 24. Rb1 Rd8 25. Ke2 Kg8 26. Be3 Kf7 27. Rd1 Rxd1 28. Kxd1 Ke6 29.
Kc2 Na5 30. Nf3 Kd5 31. Nd2 b5 32. b3 Bf8 33. Bb6 Nc6 34. c4+ bxc4 35. Nxc4 Nd4+ 36. Bxd4 Kxd4 37. a4 Bb4 38. Nb2 a5 39. Nd3 Bd6 40. Kd2 g5 41. f3 h5 42. g4 fxg4 43. fxg4 hxg4 44. hxg4 Ke4 45. Kc3 Kf3 46. b4 axb4+ 47.
Nxb4 Kxg4 48. a5 Kf3 49. Nd3 g4 50. a6 Bb8 51. Kc4 g3 52. Kd5 g2 53. Ne1+ Kf2 54.
Nxg2 Kxg2 55. Kc6 Ba7 56. Kb7 Bf2 57. a7 Bxa7 1/2-1/2

[Event "Late-Titled-Tuesday-Blitz-May-28-2024"]
[Site "Chess.com"]
[Date "2024.05.28"]
[Round "1"]
[White "GarayevKanan"]
[Black "maracayo"]
[Result "1-0"]
[WhiteElo "2706"]
[BlackElo "2409"]
[TimeControl "180+1"]
[EndTime "14:07:57 PDT"]
[Termination "GarayevKanan won on time"]

1. d4 d6 2. e4 Nf6 3. Nc3 c6 4. a4 Qa5 5. Qd3 e5 6. Nf3 Nbd7 7. Be2 Be7 8. O-O O-O 9. Bg5 Re8 10. Rab1 exd4 11. Qxd4 Ne5 12. b4 Qc7 13. Bf4 Bf8 14.
h3 h6 15. Bh2 Bd7 16. Nd2 a5 17. f4 axb4 18. Qxb4 Ng6 19. Qxb7 Qa5 20. Qb4 Qxb4 21. Rxb4 d5 22. Rb7 Bc8 23. Rbb1 dxe4 24. Kh1 e3 25.
Nc4 Bf5 26. Bd3 Ne4 27. Bxe4 Bxe4 28. Nxe3 Bc5 29. Nxe4 Rxe4 30. Nf5 Raxa4 31. g3 Re2 32. Bg1 Bxg1 33. Kxg1 Rxc2 34. Rbc1 Raa2 35. Rxc2 Rxc2 36. Rb1 h5 37. h4 Kh7 38. Rb7 Nh8 39. Rc7 Rc5 40.
Ne7 Rc3 41. Kg2 c5 42. Kh3 Rc1 43. Nd5 f5 44. Nf6+ Kg6 45. Ne8 Nf7 46. Rc6+ Kh7 47. Rc7 Kg6 48. Rc6+ Kh7 49. Nc7 Nh6 50. Ne6 Ng4 51.
Ng5+ 1-0

[Event "Late-Titled-Tuesday-Blitz-May-28-2024"]
[Site "Chess.com"]
[Date "2024.05.28"]
[Round "1"]
[White "Navyblue1"]
[Black "KChor05"]
[Result "0-1"]
[WhiteElo "2242"]
[BlackElo "2578"]
[TimeControl "180+1"]
[EndTime "14:07:57 PDT"]
[Termination "KChor05 won by resignation"]

1. d4 Nf6 2. c4 g6 3. Nc3 d5 4. cxd5 Nxd5 5. e4 Nxc3 6. bxc3 Bg7 7. Be3 O-O 8. Bc4 Nc6 9. Ne2 e5 10. O-O Bg4 11. f3 Bd7 12. Bb3 Na5 13. c4 exd4 14.
Bxd4 Nc6 15. Bxg7 Kxg7 16. Qd2 Qe7 17. Qc3+ Kg8 18. Rad1 Qc5+ 19. Kh1 Rad8 20. Nd4 a6 21. Nxc6 Bxc6 22. Qf6 Rxd1 23. Rxd1 a5 24. Qd4 Qxd4 25. Rxd4 a4 26. Bc2 Kg7 27. Kg1 Kf6 28. Kf2 Ra8 29.
Ke3 h5 30. g3 Ra6 31. f4 Rb6 32. e5+ Ke7 33. Rd2 Rb4 34. Bd3 a3 35. Kd4 Bd7 36. Kc3 c5 37. Bc2 Be6 38. Bb3 Rb6 39. Re2 Bf5 40.
Rd2 Bb1 41. Rd1 Be4 42. Rd2 Ke6 43. Re2 Kf5 44. Re3 Bb1 45. Re1 Be4 46. Re3 Bc6 47.
Bc2+ Kg4 48. Bb3 Bg2 49. Re2 Kh3 50. Bc2 Rb2 51. Rd2 Kxh2 52. e6 fxe6 53. Bxg6 Rxd2 54.
Kxd2 Kxg3 55. Bxh5 Kxf4 56. Bf7 Ke5 57. Ke3 Bf1 58.
Be8 Bxc4 0-1

[Event "Late-Titled-Tuesday-Blitz-May-28-2024"]
[Site "Chess.com"]
[Date "2024.05.28"]
[Round "1"]
[White "Mikhail_Bryakin"]
[Black "db-banana"]
[Result "1-0"]
[WhiteElo "2853"]
[BlackElo "2472"]
[TimeControl "180+1"]
[EndTime "14:07:58 PDT"]
[Termination "Mikhail_Bryakin won on time"]

1. e4 Nf6 2. e5 Nd5 3. d4 d6 4. c4 Nb6 5. f4 dxe5 6. fxe5 Bf5 7. Nf3 e6 8. Be3 Nc6 9. Nc3 Be7 10. Be2 O-O 11. O-O f6 12. exf6 Bxf6 13. Qd2 Qe7 14. Rad1 Rad8 15. b3 Bg4 16. Ne4 Bf5 17. Nxf6+ gxf6 18. Qc3 Bg6 19. Rd2 Nc8 20. Nh4 Nd6 21. Nxg6 hxg6 22.
Bf3 Nf5 23. Bf2 Rfe8 24. Re1 e5 25. d5 Ncd4 26. Be4 Kg7 27. Qd3 c6 28. g4 cxd5 29. Bxd5 Qb4 30. gxf5 Qxd2 31. Qxd2 Nf3+ 32. Bxf3 Rxd2 33. fxg6 Kxg6 34. Re2 Rd7 35. Bd5 f5 36. Bd4 e4 37. Kf2 e3+ 38. Rxe3 Rxe3 39. Kxe3 Rh7 40. Be5 b6 41. b4 Rh3+ 42. Bg3 Kg5 43. Bg2 Rh7 44. c5 Re7+ 45. Kd4 bxc5+ 46. bxc5 f4 47. h4+ Kg4 48. Bxf4 Kxf4 49. c6 Re2 50. Bd5 Rc2 51.
Bc4 Rd2+ 52. Kc5 Rd8 53. c7 Rf8 54. Be6 1-0

[Event "Late-Titled-Tuesday-Blitz-May-28-2024"]
[Site "Chess.com"]
[Date "2024.05.28"]
[Round "1"]
[White "BardArtem"]
[Black "NajdorfPlayerc5"]
[Result "1-0"]
[WhiteElo "2799"]
[BlackElo "2452"]
[TimeControl "180+1"]
[EndTime "14:07:59 PDT"]
[Termination "BardArtem won on time"]

1. Nf3 Nf6 2. b3 g6 3. Bb2 Bg7 4. e3 O-O 5. c4 d6 6. Nc3 c5 7. d4 cxd4 8. Nxd4 Nc6 9. Be2 Bd7 10. O-O Rc8 11. Rc1 a6 12. Nxc6 Bxc6 13. Bf3 Qa5 14.
Bxc6 bxc6 15. Qd2 Rfd8 16. Rfd1 Qh5 17. h3 Nd7 18. Ne4 Bxb2 19. Qxb2 Qe5 20. Qxe5 Nxe5 21. Kf1 Kg7 22. Ke2 h6 23. f4 Nd7 24. Rd2 f5 25. Nc3 Kf7 26. g4 fxg4 27. hxg4 h5 28. gxh5 gxh5 29.
e4 Rh8 30. Kf3 Rcg8 31. Rh1 h4 32. Rdh2 Rg3+ 33. Kf2 Rxc3 34. Rxh4 Rxh4 35. Rxh4 Rc2+ 36. Ke3 Rxa2 37. Kd4 Rd2+ 38. Kc3 Rf2 39. b4 Nf6 40. Kd3 Rb2 41. Kc3 Rb1 42. e5 dxe5 43. fxe5 Nd7 44. Rh7+ Ke6 45. Rh6+ Kxe5 46. Rxc6 Ra1 47. Kb2 Ra4 48.
Kb3 Ra1 49. Kb2 Rd1 50. Rxa6 Kd4 51. c5 Ne5 52. Ra7 Nd3+ 53. Kc2 Rc1+ 54. Kd2 Rb1 55. Rd7+ Kc4 56. c6 Ne5 57. c7 Rb2+ 58. Kc1 Kb3 59. c8=Q Nxd7 60. Qxd7 Rc2+ 61. Kd1 Rc4 62. b5 Rb4 63.
Kd2 e5 64. Kd3 Ka4 65. b6+ Ka5 66. Qa7+ Kb5 67. b7 1-0

[Event "Late-Titled-Tuesday-Blitz-May-28-2024"]
[Site "Chess.com"]
[Date "2024.05.28"]
[Round "1"]
[White "Orest_Vovk"]
[Black "LevonAronian"]
[Result "0-1"]
[WhiteElo "2528"]
[BlackElo "3047"]
[TimeControl "180+1"]
[EndTime "14:08:00 PDT"]
[Termination "LevonAronian won by resignation"]

1. h4 e5 2. h5 d5 3. h6 Nxh6 4. d4 Ng4 5. f3 Nf6 6. dxe5 Nfd7 7. Qxd5 Nc6 8. e6 fxe6 9. Qxe6+ Be7 10. Rxh7 Nf8 11.
Qxe7+ Qxe7 12. Rxh8 Bf5 13. e4 O-O-O 14. Be3 Nb4 15.
Na3 Bxe4 16. fxe4 Qxe4 17. Kf2 Nd5 18. Re1 Re8 19. Bd3 Qe7 20. Bd2 Qc5+ 21. Kf1 Rxe1+ 22. Bxe1 Kd7 23. Nf3 Ne3+ 24. Ke2 Ne6 25. Bf2 Nf4+ 26. Kd2 Nc4+ 27. Nxc4 Qxf2+ 28. Kc3 Qc5 29. Ne5+ Ke7 30. b4 Nd5+ 31. Kd2 Qf2+ 32. Kc1 Qe1+ 33. Kb2 Qxb4+ 34. Kc1 Qe1+ 35. Kb2 Qc3+ 36. Kc1 Nb4 37. Bg6 b5 38. Re8+ Kf6 39. Rf8+ Ke6 40. Re8+ Kd5 41. Rd8+ Kc5 42. Rd7 bxc4 43. Rxc7+ Kd5 44. Rxc4 Nxa2+ 45. Kb1 Qxe5 46. Rb4 Nxb4 47. Kc1 Kd6 48. Kb1 Qc3 49. Kc1 a5 50. Kd1 a4 51. Ke2 a3 52. Bf7 a2 53.
Bxa2 Nxa2 0-1